 Dungeon Crawl Stone Soup version 0.29-a0-1033-gb6c65ffae6 (webtiles) character file.

Game seed: 18307795543437679891

2629 flotson the Trooper (level 9, -3/71 HPs)
             Began as a Demonspawn Delver on Aug 12, 2022.
             Was an Initiate of Gozag.
             Slain by a wraith (10 damage)
             ... on level 7 of the Dungeon on Aug 14, 2022.
             The game lasted 00:12:28 (9350 turns).

flotson the Trooper (Demonspawn Delver)             Turns: 9350, Time: 00:12:30

Health: -3/71      AC:  7    Str: 17    XL:     9   Next: 35%
Magic:  0/9        EV: 11    Int: 15    God:    Gozag
Gold:   240        SH:  4    Dex: 15    Spells: 8/8 levels left

rFire   . . .      SeeInvis .   b - +4 hand axe
rCold   . . .      Faith    .   N - +0 buckler
rNeg    . . .      Spirit   +   n - +0 scale mail
rPois   .          Reflect  .   (no helmet)
rElec   .          Harm     .   (no cloak)
rCorr   .          Rampage  .   (no gloves)
Will    .....                   (no boots)
Stlth   +.........              G - amulet of guardian spirit
HPRegen 0.21/turn               (no ring)
MPRegen 0.11/turn               (no ring)

@: slowed, very slow
A: demonic guardian 3, big brain 2
a: Renounce Religion, Potion Petition, Call Merchant, Bribe Branch


You were on level 7 of the Dungeon.
You worshipped Gozag.
Gozag was aware of your devotion.
You visited 2 branches of the dungeon, and saw 8 of its levels.

You collected 348 gold pieces.
You paid 108 gold pieces to Gozag.

Inventory:

Hand Weapons
 a - a +2 dagger of venom
 b - a +4 hand axe (weapon)
 s - a +0 hand axe
 K - a +0 shortbow
Missiles
 E - 8 poisoned darts (quivered)
 F - a throwing net
Armour
 n - a +0 scale mail (worn)
 N - a +0 buckler (worn)
Jewellery
 v - an amulet of reflection
 A - a ring of wizardry
 B - a ring of ice
 G - an amulet of guardian spirit (around neck)
Wands
 g - a wand of digging (9)
 l - a wand of paralysis (27)
 D - a wand of roots (10)
 J - a wand of quicksilver (8)
Scrolls
 c - 3 scrolls of fog
 d - 3 scrolls of magic mapping
 e - 2 scrolls of teleportation
 f - a scroll of brand weapon {unknown}
 h - 2 scrolls of enchant armour {unknown}
 i - a scroll of torment {unknown}
 j - a scroll of enchant weapon {unknown}
 m - a scroll of noise {unknown}
 q - 3 scrolls of identify
 r - a scroll of summoning {unknown}
 t - 2 scrolls of immolation {unknown}
 u - 3 scrolls of vulnerability {unknown}
 w - a scroll of blinking {unknown}
 y - a scroll of poison {unknown}
Potions
 k - a potion of haste
 o - a potion of invisibility {unknown}
 p - 3 potions of brilliance {unknown}
 x - a potion of magic {unknown}
 z - 2 potions of mutation {unknown}
 C - a potion of cancellation {unknown}
 H - a potion of heal wounds
 I - a potion of flight {unknown}
 L - a potion of degeneration {unknown}
 M - 2 potions of curing


   Skills:
 + Level 6.6 Fighting
 + Level 2.3 Axes
 + Level 3.5 Throwing
 + Level 5.2 Armour
 + Level 5.6 Dodging
 - Level 4.5 Stealth
 + Level 0.6 Shields
 + Level 5.8 Evocations


You had 8 spell levels left.
You didn't know any spells.
Your spell library contained the following spells:

 Spells                   Type           Power      Damage    Failure   Level
 Beastly Appendage        Tmut           0%         N/A       75%         1
 Wereblood                Tmut           0%         N/A       86%         2
 Dazzling Flash           Conj/Hex       0%         N/A       98%         3
 Ignite Poison            Fire/Tmut/Pois 0%         N/A       98%         3
 Mephitic Cloud           Conj/Pois/Air  0%         N/A       98%         3
 Spider Form              Tmut/Pois      0%         N/A       98%         3
 Iskenderun's Mystic Bla  Conj/Tloc      0%         2d3       100%        4
 Freezing Cloud           Conj/Ice/Air   0%         6-21      100%        5
 Starburst                Conj/Fire      0%         6d3       100%        6


Dungeon Overview and Level Annotations

Branches:
Dungeon (7/15)             Temple (1/1) D:7

Altars:
Ashenzari
Cheibriados
Dithmenos
Fedhas
Gozag
Hepliaklqana
Kikubaaqudgha
Makhleb
Nemelex Xobeh
Okawaru
Qazlal
Ru
Sif Muna
Trog
Uskayaw
Vehumet
Wu Jian
Xom
Yredelemnul


Innate Abilities, Weirdness & Mutations

A powerful demonic guardian rushes to your aid.
You have an extremely huge brain. (Int +4)


Message History

You are too injured to fight recklessly!
You are too injured to fight recklessly!
You are too injured to fight recklessly!
You are too injured to fight recklessly!
Your +2 dagger of venom stops dripping with poison.
b - a +4 hand axe (weapon)
You block the wraith's attack.
You are too injured to fight recklessly!
You closely miss the wraith.
The wraith is moderately damaged.
The wraith hits you! The wraith drains your vigour!
You feel as though you will be slow longer.
You block the wraith's attack.
You barely miss the wraith.
The wraith is moderately damaged.
The wraith completely misses you. The wraith barely misses you.
You hit the wraith but do no damage.
The wraith is moderately damaged.
The wraith hits you but does no damage. The wraith barely misses you.
You barely miss the wraith.
The wraith is moderately damaged.
The wraith misses you. The wraith hits you!
* * * LOW HITPOINT WARNING * * *
You hit the wraith but do no damage.
The wraith is moderately damaged.
The wraith hits you.
* * * LOW HITPOINT WARNING * * *
The wraith drains your vigour!
You feel as though you will be slow longer.
You hit the wraith.
The wraith is moderately damaged.
The wraith hits you.
* * * LOW HITPOINT WARNING * * *
A demonic guardian appears!
The wraith drains your vigour!
You feel as though you will be slow longer.
The wraith hits you!
* * * LOW HITPOINT WARNING * * *
The wraith attacks as you move away! The wraith hits you!
You die...
Your body crumbles into a pile of gold.

####.### .. .. #
#....... # #. # .#. .
#.##.##.
#.#.##..#.###.## #.##.#
#.#.....#.#.... #.#..#
#.[.....#.#.#.# #
#.#.##
#.#..##.......#.# #.#.#
#..........W..#.# #....
#
#.......@#.#.#######.##
#. ###.......3......$
..# #
#.####..#>#.....###
######
#......[......### #...
# ###.##[##......#
###.##
#.##.#.#.#####...#
#....)
#..)###..#####...#
#.#.#.
####.#.#.......>.#
#.#.#.
#######.########...#
######.#...


You could see a wraith (ally target) and a friendly sixfirhy (summoned,
wandering).

Vanquished Creatures
  Pikel (D:4)
  A hornet (D:7)
  Sigmund (D:4)
  A wyvern (D:7)
  A water moccasin (D:7)
  A sky beast (D:7)
  An orc warrior (D:7)
  A phantom (D:4)
  A necrophage (D:6)
  A scorpion (D:6)
  An electric eel (D:6)
  A gnoll bouda (D:6)
  4 hounds
  6 iguanas
  3 adders
  10 gnolls
  A white imp (D:6)
  2 dart slugs
  6 orcs
  11 ball pythons
  8 bats
  8 endoplasms
  3 giant cockroaches (D:1)
  4 goblins
  9 hobgoblins
  3 jackals (D:1)
  3 frilled lizards
  4 kobolds (D:1)
  7 rats
104 creatures vanquished.

Vanquished Creatures (collateral kills)
  Menkaure (D:5)
  A black bear (D:5)
  An orc warrior (D:6)
  2 ogres
  Blork the orc (D:4)
  A hound (D:5)
  A jelly (D:5)
  An orc wizard (D:7)
  2 gnolls (D:6)
  3 orcs
14 creatures vanquished.

Grand Total: 118 creatures vanquished

Notes
Turn   | Place    | Note
-------+----------+-------------------------------------------
     0 | D:5      | flotson the Demonspawn Delver began the quest for the Orb.
     0 | D:5      | Reached XP level 1. HP: 18/18 MP: 1/1
    33 | D:5      | Noticed a hound
    42 | D:5      | Noticed a phantom
    43 | D:5      | Noticed an iguana
    44 | D:4      | Noticed an ogre
    52 | D:4      | Noticed an iguana
    69 | D:4      | Noticed Blork the orc
   407 | D:2      | Gained mutation: A weak demonic guardian rushes to your
                  | aid. [demonic ancestry]
   407 | D:2      | Reached XP level 2. HP: 15/24 MP: 2/2
   821 | D:1      | Reached skill level 1 in Evocations
   823 | D:1      | Reached skill level 1 in Armour
  1085 | D:1      | Reached XP level 3. HP: 22/29 MP: 3/3
  2216 | D:1      | Found a faded altar of an unknown god.
  2380 | D:1      | Reached XP level 4. HP: 35/35 MP: 4/4
  3425 | D:4      | Killed Blork the orc
  3426 | D:4      | Gained mutation: You have an unusually large brain. (Int
                  | +2) [demonic ancestry]
  3426 | D:4      | Reached XP level 5. HP: 21/42 MP: 5/5
  3446 | D:4      | Reached skill level 4 in Fighting
  3661 | D:4      | Killed an ogre
  3662 | D:4      | Gained mutation: You have an extremely huge brain. (Int +4)
                  | [demonic ancestry]
  3662 | D:4      | Reached XP level 6. HP: 21/48 MP: 6/6
  4190 | D:4      | Noticed Pikel
  4212 | D:4      | Paralysed by Pikel for 5 turns
  4222 | D:4      | Killed Pikel
  4223 | D:4      | Reached skill level 5 in Fighting
  4223 | D:4      | Gained mutation: A demonic guardian rushes to your aid.
                  | [demonic ancestry]
  4223 | D:4      | Reached XP level 7. HP: 47/56 MP: 7/7
  4431 | D:4      | Noticed Sigmund
  4447 | D:4      | Killed Sigmund
  4448 | D:4      | Reached XP level 8. HP: 55/63 MP: 8/8
  4875 | D:5      | Reached skill level 1 in Throwing
  4894 | D:5      | Noticed Menkaure
  4898 | D:5      | HP: 2/64 [phantom (7)]
  5145 | D:5      | Killed Menkaure
  5504 | D:5      | Found a radiant altar of Vehumet.
  5653 | D:5      | Found a broken altar of Ashenzari.
  5929 | D:6      | Reached skill level 5 in Evocations
  5950 | D:6      | Reached skill level 5 in Dodging
  6019 | D:5      | Reached skill level 6 in Fighting
  6893 | D:6      | Upgraded the game from 0.29-a0-1027-gcd8c55af63 to
                  | 0.29-a0-1033-gb6c65ffae6
  6939 | D:6      | You fall into a shaft and drop 1 floor!
  6962 | D:7      | Gained mutation: A powerful demonic guardian rushes to your
                  | aid. [demonic ancestry]
  6962 | D:7      | Reached XP level 9. HP: 24/70 MP: 5/9
  7295 | D:6      | Reached skill level 5 in Armour
  7432 | D:6      | Found a stormy altar of Qazlal.
  7435 | D:6      | Found an iron altar of Okawaru.
  7437 | D:6      | Found an ornate altar of the Wu Jian Council.
  7955 | D:7      | Paralysed by a hornet for 1 turns
  8868 | D:7      | Found a staircase to the Ecumenical Temple.
  8876 | Temple   | Entered the Ecumenical Temple
  9176 | Temple   | Became a worshipper of Gozag Ym Sagoz the Greedy
  9350 | D:7      | Slain by a wraith

Illustrated notes

Levels and vault maps discovered:
D:1:      scummos_arrival_simple_fountains, layout_basic,
          shapermc_ecumenical_altar_flowoftime, st_stairs_1, minmay_circled_x
D:2:      layout_basic, minmay_misc_feat_diagonals
D:3:      layout_loops_ring
D:4:      layout_basic, enter_ossuary_2, uniq_pikel, uniq_blork_the_orc,
          uniq_sigmund
D:5:      layout_cave_pools, ashenzari_altar_1, kennysheep_mini, uniq_menkaure
D:6:      layout_cave_pools, grunt_temple_overflow_diamond, serial_glass,
          glass_columns_b, glass_columns_a, feat_on_display,
          minmay_strange_pillars, item_on_display_a, minivault_14
D:7:      wander_river, layout_loops_cross, minmay_temple_entry_stoned_glass,
          patterned_corridor
Temple:   minmay_temple_bridge_d

Skill      XL: |  1  2  3  4  5  6  7  8  9 |
---------------+----------------------------+-----
Dodging        | 2 3 4 5 |  5.6
Evocations     | 1 2 4 5 |  5.8
Armour         | 1 2 3 4 5 |  5.2
Fighting       | 4 5 6 |  6.6
Throwing       | 3 |  3.5
Axes           | 2 |  2.3
Stealth        | |  4.5
Shields        | |  0.6

Action                   |  1- 3 |  4- 6 |  7- 9 || total
-------------------------+-------+-------+-------++-------
Melee: Hand axe          |   104 |       |     6 ||   110
       Punch             |     3 |       |     5 ||     8
       Dagger            |    58 |    61 |   264 ||   383
 Fire: Shortbow          |       |    12 |       ||    12
Throw: Dart              |       |     3 |     1 ||     4
Evoke: Wand              |     1 |     1 |     4 ||     6
  Use: Potion            |     3 |       |     5 ||     8
       Scroll            |     2 |       |     2 ||     4
 Stab: Sleeping          |     3 |       |       ||     3
       Paralysed         |       |     3 |     2 ||     5
Armor: Leather armour    |    14 |       |       ||    14
       Scale mail        |    80 |    18 |    70 ||   168
Dodge: Dodged            |   109 |    21 |   158 ||   288
Block: Other             |     2 |     9 |    49 ||    60
       Buckler           |       |       |     7 ||     7

Table legend: (Time is in decaauts)
 A = Elapsed time spent in this place.
 B = Non-inter-level travel time spent in this place.
 C = Inter-level travel time spent in this place.
 D = Time resting spent in this place.
 E = Time spent auto-exploring this place.
 F = Levels seen in this place.
 G = Mean time per level.
                   A        B        C        D        E       F      G
               +--------+--------+--------+--------+--------+-----+--------+
         Total |   9394 |   9028 |    366 |   1292 |   6439 |   8 | 1174.2 |
       Dungeon |   9021 |   8803 |    218 |   1292 |   6226 |   7 | 1288.7 |
        Temple |    372 |    224 |    148 |      0 |    213 |   1 |  372.0 |
               +--------+--------+--------+--------+--------+-----+--------+

Top non-repeatable levels by time:
     D:4: 1887 daAuts
     D:1: 1764 daAuts
     D:7: 1529 daAuts
     D:6: 1158 daAuts
     D:5: 1112 daAuts
     D:2: 808 daAuts
     D:3: 762 daAuts
  Temple: 372 daAuts
